[Event "7th Washington Open 2018"]
[Site "Rockville"]
[Date "2018.08.13"]
[Round "6.8"]
[White "Ortiz Suarez, Isan Reynaldo"]
[Black "Panchanathan, Magesh Chandran"]
[Result "1/2-1/2"]
[ECO "A46"]
[WhiteElo "2549"]
[BlackElo "2486"]
[Annotator "ChessBase"]
[PlyCount "73"]
[EventDate "2018.08.11"]
[EventType "swiss"]
[EventCountry "USA"]
[SourceTitle "playchess.com"]
[Source "ChessBase"]
[SourceQuality "1"]
[TimeControl "40/5400+30:1200+30"]

1. Nf3 Nf6 2. g3 e6 3. Bg2 d5 4. O-O Be7 5. d4 b5 6. Nbd2 O-O 7. Ne5 Nfd7 8. Nd3 Bb7 9. e4 Nf6 10. e5 Nfd7 11. Qg4 Kh8 12. Nf3 c5 13. c3 Nc6 14. h4 b4 15. Rd1 Ba6 16. Nf4 Rc8 17. Be3 Qe8 18. Bh3 Rc7 19. Ng5 Bxg5 20. hxg5 Ne7 21. Qh5 cxd4 22. cxd4 Rc2 23. Rd2 Qc8 24. Kg2 g6 25. Qd1 Rc6 26. Qe1 Qb7 27. b3 Nxe5 28. dxe5 d4 29. Kh2 dxe3 30. Qxe3 Rc3 31. Qe1 Bb5 32. Rad1 Qc8 33. Ne2 Bxe2 34. Qxe2 Qc5 35. Bg2 Kg7 36. Qe4 Nc6 37. Qxc6 1/2-1/2

[Event "7th Washington Open 2018"]
[Site "Rockville"]
[Date "2018.08.14"]
[Round "7"]
[White "Stukopin, Andrey"]
[Black "Vidal, Yuri Gonzal"]
[Result "1-0"]
[ECO "C50"]
[WhiteElo "2598"]
[BlackElo "2559"]
[Annotator "ChessBase"]
[PlyCount "57"]
[EventDate "2018.08.11"]
[EventType "swiss"]
[EventCountry "USA"]
[SourceTitle "playchess.com"]
[Source "ChessBase"]
[SourceQuality "1"]
[TimeControl "40/5400+30:1200+30"]

1. e4 e5 2. Nf3 Nc6 3. Bc4 Bc5 4. O-O Nf6 5. d3 O-O 6. h3 d6 7. c3 a6 8. a4 h6 9. Re1 Ba7 10. Nbd2 Ne7 11. Nf1 Ng6 12. Ng3 c6 13. Bb3 Re8 14. d4 Be6 15. Bc2 Qc7 16. Be3 Rad8 17. Qc1 a5 18. Nf5 Bxf5 19. exf5 Nf8 20. Bxh6 gxh6 21. Qxh6 Qe7 22. Re3 N8h7 23. Ng5 Qf8 24. Qh4 Nxg5 25. Qxg5+ Qg7 26. Qh4 exd4 27. Rg3 Qxg3 28. Qxg3+ Kf8 29. Qg5 1-0

[Event "7th Washington Open 2018"]
[Site "Rockville"]
[Date "2018.08.14"]
[Round "7"]
[White "Azarov, Sergei Nikolaevich"]
[Black "Popilski, Gil"]
[Result "1/2-1/2"]
[ECO "C03"]
[WhiteElo "2574"]
[BlackElo "2491"]
[Annotator "ChessBase"]
[PlyCount "84"]
[EventDate "2018.08.11"]
[EventType "swiss"]
[EventCountry "USA"]
[SourceTitle "playchess.com"]
[Source "ChessBase"]
[SourceQuality "1"]
[TimeControl "40/5400+30:1200+30"]

1. e4 e6 2. d4 d5 3. Nd2 a6 4. Bd3 c5 5. dxc5 Bxc5 6. Ngf3 Nc6 7. c3 Nge7 8. O-O O-O 9. Qe2 Qc7 10. Re1 Ba7 11. Nb3 h6 12. e5 f6 13. exf6 Rxf6 14. Be3 Bb8 15. Bc5 Rxf3 16. Qxf3 Qxh2+ 17. Kf1 e5 18. Bxe7 Nxe7 19. Nd4 e4 20. Rxe4 dxe4 21. Bc4+ Kh7 22. Qxe4+ Ng6 23. Bd3 Qh1+ 24. Ke2 Qh5+ 25. Nf3 Qg4 26. Kf1 Qxe4 27. Bxe4 Be6 28. Nh4 Bf7 29. Rd1 Be5 30. Rd7 Bf6 31. Rxf7 Bxh4 32. g4 Re8 33. Bf5 Re5 34. Rxb7 h5 35. Rb6 Bf6 36. f4 Rc5 37. Bxg6+ Kxg6 38. g5 Rf5 39. gxf6 Rxf4+ 40. Kg2 Rxf6 41. Rxf6+ Kxf6 42. b4 Ke5 1/2-1/2

[Event "7th Washington Open 2018"]
[Site "Rockville"]
[Date "2018.08.14"]
[Round "7"]
[White "Gabuzyan, Hovhannes"]
[Black "Dragun, Kamil"]
[Result "1-0"]
[ECO "A00"]
[WhiteElo "2556"]
[BlackElo "2594"]
[Annotator "ChessBase"]
[PlyCount "73"]
[EventDate "2018.08.11"]
[EventType "swiss"]
[EventCountry "USA"]
[SourceTitle "playchess.com"]
[Source "ChessBase"]
[SourceQuality "1"]
[TimeControl "40/5400+30:1200+30"]

1. g3 g6 2. Bg2 Bg7 3. c4 e5 4. Nc3 d6 5. e3 Nf6 6. Nge2 O-O 7. O-O c6 8. d4 Re8 9. Qc2 Na6 10. a3 Nc7 11. d5 cxd5 12. cxd5 Bd7 13. e4 a5 14. h3 b5 15. Be3 Qc8 16. Kh2 b4 17. axb4 axb4 18. Na2 Na6 19. Qd2 Nc5 20. Qxb4 Ra4 21. Qe1 Nb3 22. Nec3 Nxa1 23. Nxa4 Nc2 24. Qa5 Nxe3 25. fxe3 Qc2 26. N2c3 Qd2 27. Nb6 Qxe3 28. Nxd7 Nxd7 29. Qc7 Nf6 30. Qxd6 Nh5 31. Rf3 Qe1 32. Qc7 Rf8 33. d6 Bh6 34. Nd5 Qxe4 35. Ne7+ Kh8 36. d7 Qd4 37. Nc6 1-0

[Event "7th Washington Open 2018"]
[Site "Rockville"]
[Date "2018.08.14"]
[Round "7"]
[White "Becerra, Julio J"]
[Black "Chandra, Akshat"]
[Result "1/2-1/2"]
[ECO "C67"]
[WhiteElo "2529"]
[BlackElo "2487"]
[Annotator "ChessBase"]
[PlyCount "41"]
[EventDate "2018.08.11"]
[EventType "swiss"]
[EventCountry "USA"]
[SourceTitle "playchess.com"]
[Source "ChessBase"]
[SourceQuality "1"]
[TimeControl "40/5400+30:1200+30"]

1. e4 e5 2. Nf3 Nc6 3. Bb5 Nf6 4. O-O Nxe4 5. Re1 Nd6 6. Nxe5 Be7 7. Bf1 Nxe5 8. Rxe5 O-O 9. Nc3 Ne8 10. Nd5 Bd6 11. Re1 c6 12. Ne3 Bc7 13. Nf5 d5 14. Ne7+ Kh8 15. Nxc8 Rxc8 16. d3 f5 17. Qe2 Nf6 18. Qe7 Qxe7 19. Rxe7 Rfe8 20. Rxe8+ Rxe8 21. Bd2 1/2-1/2

[Event "7th Washington Open 2018"]
[Site "Rockville"]
[Date "2018.08.14"]
[Round "7"]
[White "Khamrakulov, Djurabek"]
[Black "Macieja, Bartlomiej"]
[Result "1-0"]
[ECO "B11"]
[WhiteElo "2489"]
[BlackElo "2528"]
[Annotator "ChessBase"]
[PlyCount "119"]
[EventDate "2018.08.11"]
[EventType "swiss"]
[EventCountry "USA"]
[SourceTitle "playchess.com"]
[Source "ChessBase"]
[SourceQuality "1"]
[TimeControl "40/5400+30:1200+30"]

1. e4 c6 2. Nc3 d5 3. Nf3 Bg4 4. h3 Bxf3 5. Qxf3 e6 6. d3 Nd7 7. Bd2 Qb6 8. O-O-O Bd6 9. g4 Ne7 10. h4 a5 11. Qg2 Bb4 12. f4 d4 13. Nb1 Bxd2+ 14. Qxd2 e5 15. g5 Ng6 16. fxe5 Ngxe5 17. Bh3 a4 18. Rhf1 Qc5 19. a3 h6 20. Bf5 Qe7 21. Qf2 c5 22. Bxd7+ Kxd7 23. Qg3 hxg5 24. hxg5 g6 25. Rf6 Ra6 26. Rxa6 bxa6 27. Nd2 Qe6 28. Rf1 Rh3 29. Qg2 Ke7 30. Qf2 Kf8 31. Kb1 Ng4 32. Qf4 Ne3 33. Rg1 c4 34. Qc7 cxd3 35. cxd3 Kg7 36. Rc1 Ng4 37. Qd8 Rh8 38. Qxd4+ Qe5 39. Rc4 Qxd4 40. Rxd4 Rh5 41. Rxa4 Rxg5 42. Rxa6 Ne3 43. Rc6 Rg2 44. Nc4 Rg1+ 45. Ka2 Nc2 46. Rc7 Ra1+ 47. Kb3 Nd4+ 48. Kb4 g5 49. Rd7 Nf3 50. Rd5 Rg1 51. a4 g4 52. Ne3 f6 53. a5 g3 54. a6 Ne5 55. Kb5 Kf7 56. a7 Ra1 57. Kb6 Ra2 58. Ra5 Nd7+ 59. Ka6 Rxb2 60. a8=Q 1-0

[Event "7th Washington Open 2018"]
[Site "Rockville"]
[Date "2018.08.14"]
[Round "7"]
[White "Checa, Nicolas D"]
[Black "Postny, Evgeny"]
[Result "1/2-1/2"]
[ECO "D25"]
[WhiteElo "2478"]
[BlackElo "2586"]
[Annotator "ChessBase"]
[PlyCount "69"]
[EventDate "2018.08.11"]
[EventType "swiss"]
[EventCountry "USA"]
[SourceTitle "playchess.com"]
[Source "ChessBase"]
[SourceQuality "1"]
[TimeControl "40/5400+30:1200+30"]

1. d4 d5 2. Nf3 Nf6 3. c4 dxc4 4. e3 b5 5. a4 b4 6. Bxc4 e6 7. O-O Be7 8. Qe2 Bb7 9. Nbd2 O-O 10. b3 c5 11. Bb2 Nbd7 12. Rfd1 Rc8 13. dxc5 Qc7 14. Rac1 Qb8 15. c6 Rxc6 16. Bb5 Rxc1 17. Rxc1 Rc8 18. Rxc8+ Qxc8 19. Qc4 Qxc4 20. Bxc4 Nc5 21. Ne1 Nfe4 22. Nxe4 Nxe4 23. Nf3 Bf6 24. Bxf6 gxf6 25. a5 Nd6 26. Be2 Bd5 27. Nd4 Nb7 28. a6 Na5 29. Nb5 Nc6 30. Bf3 Bxf3 31. gxf3 Nb8 32. Nxa7 Nxa6 33. Kf1 Nc5 34. Nc6 Nxb3 35. Nxb4 1/2-1/2

[Event "7th Washington Open 2018"]
[Site "Rockville"]
[Date "2018.08.15"]
[Round "9"]
[White "Stukopin, Andrey"]
[Black "Postny, Evgeny"]
[Result "1/2-1/2"]
[ECO "B13"]
[WhiteElo "2598"]
[BlackElo "2586"]
[Annotator "ChessBase"]
[PlyCount "35"]
[EventDate "2018.08.11"]
[EventType "swiss"]
[EventCountry "USA"]
[SourceTitle "playchess.com"]
[Source "ChessBase"]
[SourceQuality "1"]
[TimeControl "40/5400+30:1200+30"]

1. e4 c6 2. d4 d5 3. exd5 cxd5 4. Bd3 Nc6 5. c3 Nf6 6. Bf4 Bg4 7. Qb3 e5 8. Bxe5 Qe7 9. Ne2 Nxe5 10. dxe5 Qxe5 11. Qxb7 Rb8 12. Qxa7 Rxb2 13. Qa8+ Kd7 14. Qa7+ Kd8 15. Qa8+ Kc7 16. Qa7+ Kd8 17. Qa8+ Kc7 18. Qa7+ 1/2-1/2

[Event "7th Washington Open 2018"]
[Site "Rockville"]
[Date "2018.08.15"]
[Round "9"]
[White "Azarov, Sergei Nikolaevich"]
[Black "Dragun, Kamil"]
[Result "1/2-1/2"]
[ECO "B35"]
[WhiteElo "2574"]
[BlackElo "2594"]
[Annotator "RC"]
[PlyCount "69"]
[EventDate "2018.08.11"]
[EventType "swiss"]
[EventCountry "USA"]
[SourceTitle "playchess.com"]
[Source "ChessBase"]
[SourceQuality "1"]
[TimeControl "40/5400+30:1200+30"]

1. e4 c5 2. Nf3 g6 3. d4 cxd4 4. Nxd4 Bg7 5. Nc3 Nc6 6. Be3 Nf6 7. Bc4 O-O 8. Bb3 Re8 9. f3 e6 10. f4 Nd5 11. exd5 exd5 12. Kf2 Rxe3 13. Kxe3 Nxd4 14. Nxd5 Nf5+ 15. Kd2 Bxb2 16. Re1 d6 17. c3 Be6 18. Rb1 Ba3 19. g4 Nd4 20. cxd4 Bxd5 21. Bxd5 Qa5+ 22. Kd3 Qxd5 23. Qb3 Qf3+ 24. Re3 Qxg4 25. Qd5 Rf8 26. h3 Qxf4 27. Rf3 Qh2 28. Rbf1 Bb4 29. R1f2 Qh1 30. Rf1 Qg2 31. R1f2 Qh1 32. Rf1 Qg2 33. R1f2 Qh1 34. Rf1 Qg2 35. Ke4 1/2-1/2

[Event "7th Washington Open 2018"]
[Site "Rockville"]
[Date "2018.08.15"]
[Round "9"]
[White "Gabuzyan, Hovhannes"]
[Black "Huschenbeth, Niclas"]
[Result "1/2-1/2"]
[ECO "A06"]
[WhiteElo "2556"]
[BlackElo "2590"]
[Annotator "RC"]
[PlyCount "52"]
[EventDate "2018.08.11"]
[EventType "swiss"]
[EventCountry "USA"]
[SourceTitle "playchess.com"]
[Source "ChessBase"]
[SourceQuality "1"]
[TimeControl "40/5400+30:1200+30"]

1. Nf3 d5 2. g3 Nf6 3. Bg2 e6 4. c4 d4 5. O-O c5 6. d3 Nc6 7. e3 Bd6 8. exd4 cxd4 9. a3 a5 10. Bg5 h6 11. Bxf6 Qxf6 12. Nbd2 Qe7 13. Re1 O-O 14. Rc1 Rd8 15. Qe2 a4 16. Ne4 Bc7 17. c5 Bd7 18. Nfd2 Na5 19. f4 Bc6 20. Qh5 Qd7 21. Re2 Bb5 22. Nf2 f5 23. Rce1 Re8 24. Nf3 Nc6 25. Nh4 Qf7 26. Bf3 Ba5 1/2-1/2

[Event "7th Washington Open 2018"]
[Site "Rockville"]
[Date "2018.08.15"]
[Round "9"]
[White "Becerra, Julio J"]
[Black "Henderson de la Fuente, Lance"]
[Result "1-0"]
[ECO "C12"]
[WhiteElo "2529"]
[BlackElo "2485"]
[Annotator "ChessBase"]
[PlyCount "89"]
[EventDate "2018.08.11"]
[EventType "swiss"]
[EventCountry "USA"]
[SourceTitle "playchess.com"]
[Source "ChessBase"]
[SourceQuality "1"]
[TimeControl "40/5400+30:1200+30"]

1. e4 e6 2. d4 d5 3. Nc3 Nf6 4. Bg5 Bb4 5. e5 h6 6. Bd2 Bxc3 7. bxc3 Ne4 8. Qg4 Kf8 9. Bd3 Nxd2 10. Kxd2 c5 11. Nf3 c4 12. Be2 Nc6 13. Qf4 Bd7 14. Rhb1 Rb8 15. h4 Qe7 16. a3 Kg8 17. g4 b5 18. h5 f6 19. a4 b4 20. cxb4 Rxb4 21. c3 Rxb1 22. Rxb1 fxe5 23. Nxe5 Nxe5 24. dxe5 Bxa4 25. Ra1 Bb5 26. Bd1 a6 27. Bc2 Qg5 28. Ke3 Qxf4+ 29. Kxf4 Kf7 30. Ke3 Ra8 31. Ra5 Ke7 32. f4 Kd7 33. Kd4 Kc6 34. f5 Kb6 35. Ra1 Bd7 36. fxe6 Bxe6 37. Bf5 Bf7 38. Bd7 Kc7 39. e6 Kd6 40. exf7 Kxd7 41. Rxa6 Rb8 42. Rg6 Ke7 43. Rxg7 Rb1 44. Kxd5 Kf8 45. Rg6 1-0